Map: Blackburn LE

Players

RiSky

  • Race: Zerg Zerg

Ranger - Winner!

  • Race: Protoss Protoss
  • League: Grandmaster

Event: DreamHack SC2 Masters 2021 Summer

VOD

Have the link to the VOD?

Description

Time

  • Played on: May 20, 2021, 5:41 a.m.
  • Length: 8:02

All games in this series

Show
View Real Time Build Order
Export as new Build Order

RiSky Zerg 

Build Orders: Hatch First 

Get SALT Encoding   

  12  0:00  Drone  
  13  0:12  Overlord  
  13  0:16  Drone  
  14  0:30  Drone x2  
  16  0:49  Hatchery  
  15  0:51  Drone  
  15  0:55  Drone  
  17  0:58  Drone  
  18  1:10  Extractor  
  17  1:16  Spawning Pool  
  17  1:17  Drone  
  17  1:21  Drone  
  18  1:27  Drone  
  19  1:38  Drone  
  20  1:50  Overlord  
  20  2:03  Queen x2  
  20  2:04  Zergling x4  
  26  2:12  Drone x2  
  26  2:14  Metabolic Boost  
  29  2:22  Drone  
  29  2:23  Drone  
  30  2:38  Hatchery  
  28  2:45  Queen  
  28  2:51  Overlord  
  30  2:53  Drone  
  30  2:56  Drone  
  32  3:01  Drone x2  
  32  3:02  Drone  
  35  3:12  Drone x2  
  37  3:13  Drone x3  
  40  3:20  Overlord  
  40  3:21  Drone  
  43  3:31  Roach Warren  
  43  3:32  Extractor  
  39  3:35  Drone  
  39  3:36  Drone  
  39  3:39  Drone x2  
  43  3:44  Drone  
  43  3:45  Drone, Queen  
  47  3:50  Overlord  
  47  3:57  Drone, Overlord  
  48  4:03  Drone  
  48  4:05  Zergling x4  
  48  4:09  Overlord  
  51  4:11  Roach x3  
  51  4:17  Zergling x6  
  58  4:18  Zergling x2  
  58  4:20  Zergling x2  
  58  4:23  Spore Crawler  
  61  4:28  Spore Crawler  
  61  4:29  Spore Crawler  
  59  4:32  Lair  
  59  4:44  Drone x4  
  59  4:45  Drone x3  
  66  4:46  Drone  
  66  4:54  Roach x3  
  66  4:55  Zergling x2  
  66  4:57  Zergling x2  
  66  4:59  Zergling x2  
  68  5:03  Zergling x6  
  69  5:13  Zergling x8  
  69  5:24  Drone  
  69  5:25  Drone x3  
  73  5:33  Drone  
  73  5:34  Drone  
  74  5:38  Drone x2  
  74  5:42  Drone  
  77  5:43  Overseer  
  77  5:53  Drone x2, Glial Reconstitution  
  77  5:54  Extractor  
  77  5:55  Extractor, Overlord  
  77  5:57  Overseer  
  77  5:59  Drone  
  77  6:00  Drone, Queen  
  77  6:02  Overlord x2  
  81  6:06  Overlord  
  81  6:12  Extractor  
  81  6:13  Queen  
  81  6:15  Roach  
  81  6:16  Roach x2  
  87  6:18  Roach  
  87  6:22  Roach x3  
  90  6:28  Roach x4  
  90  6:31  Roach x2  
  102  6:33  Ravager x3  
  102  6:37  Roach  
  107  6:41  Roach  
  107  6:42  Zergling x10  
  108  6:56  Overlord  
  108  6:58  Overlord  
  98  7:05  Overlord  
  98  7:07  Overlord  
  96  7:10  Roach x2  
  92  7:16  Roach x8  
  92  7:22  Roach x3  
  105  7:24  Roach  
  105  7:28  Roach  
  91  7:34  Roach x2  
  76  7:41  Roach  
Show
View Real Time Build Order
Export as new Build Order

Ranger Protoss - Winner!

Build Orders: 1 Gate Expand, Zealot Archon, Archon Drop, Dark Templar Rush 

Get SALT Encoding   

  12  0:00  Probe  
  13  0:12  Probe  
  14  0:19  Pylon  
  14  0:24  Probe (Chrono Boost)  
  15  0:37  Probe (Chrono Boost)  
  15  0:38  Gateway  
  16  0:45  Probe (Chrono Boost)  
  16  0:47  Assimilator  
  17  0:51  Probe  
  18  1:03  Probe  
  19  1:15  Probe  
  20  1:23  Nexus  
  20  1:33  Cybernetics Core  
  20  1:36  Probe  
  21  1:47  Assimilator  
  21  1:48  Pylon  
  21  1:50  Probe  
  22  2:02  Probe  
  22  2:07  Adept (Chrono Boost)  
  23  2:14  Twilight Council  
  25  2:16  Probe (Chrono Boost)  
  26  2:23  Warp Gate  
  26  2:27  Probe (Chrono Boost)  
  27  2:31  Stalker  
  27  2:35  Probe x2 (Chrono Boost)  
  32  2:46  Probe (Chrono Boost)  
  32  2:48  Probe (Chrono Boost)  
  32  2:50  Probe (Chrono Boost)  
  33  2:54  Robotics Facility  
  33  2:56  Probe  
  35  3:01  Adept  
  35  3:03  Probe  
  38  3:09  Probe  
  39  3:15  Gateway  
  39  3:20  Probe  
  39  3:23  Dark Shrine  
  39  3:25  Probe  
  41  3:29  Gateway  
  41  3:36  Gateway  
  41  3:41  Warp Prism (Chrono Boost)  
  43  3:48  Pylon  
  43  3:51  Assimilator  
  43  3:56  Probe, Assimilator  
  43  3:58  Probe  
  45  4:06  Pylon  
  45  4:10  Probe  
  45  4:11  Probe, Pylon  
  47  4:23  Probe  
  48  4:25  Probe  
  49  4:35  Probe  
  49  4:37  Dark Templar x4  
  58  4:42  Charge (Chrono Boost)  
  58  4:47  Probe  
  59  5:04  Immortal (Chrono Boost)  
  59  5:21  Gateway  
  59  5:23  Gateway x2  
  59  5:25  Archon  
  59  5:27  Gateway  
  59  5:29  Pylon  
  59  5:30  Pylon  
  59  5:39  Sentry x3  
  59  5:40  Immortal (Chrono Boost)  
  68  5:50  Pylon  
  68  5:51  Pylon  
  68  5:53  Pylon, Sentry  
  70  5:57  Archon  
  70  5:59  Probe x2  
  72  6:09  Dark Templar x2  
  76  6:12  Observer (Chrono Boost)  
  77  6:19  Pylon  
  77  6:23  Zealot x2  
  77  6:24  Zealot x3  
  83  6:28  Archon  
  83  6:29  Dark Templar  
  85  6:46  Zealot x5  
  87  7:05  Dark Templar x2  
  87  7:06  Zealot x4  
  97  7:12  Archon  
  97  7:14  Zealot x2  
  91  7:28  Zealot x4  
  89  7:36  Zealot x2  
  91  7:38  Zealot  
  91  7:41  Zealot  
Tags
 
Add a new tag
Caveats
  • Supply blocks, unpowered buildings, or Contaminate may cause inaccurate times.
  • Supply counts are checked every 10 seconds.